 Dungeon Crawl Stone Soup version 0.31-a0-466-g98c9adc2b6 (webtiles) character file.

Game seed: 13456211876507362590

37 Ethylacetat the Insei (level 3, 0/20 HPs)
             Began as a Vine Stalker Monk on Aug 4, 2023.
             Slain by Terence
             ... wielding a +0 flail
              (7 damage)
             ... on level 2 of the Dungeon.
             The game lasted 00:01:55 (889 turns).

Ethylacetat the Insei (Vine Stalker Monk)            Turns: 889, Time: 00:01:55

Health: 0/20       AC:  6    Str: 13    XL:     3   Next: 41%
Magic:  0/5        EV: 11    Int: 10    God:
Gold:   62         SH:  0    Dex: 18    Spells: 4/4 levels left

rFire   . .          .
                       - Unarmed
rCold   + . .        c - orb {light}
rNeg    . . .        a - +1 ring mail {rC+}
rPois   .            (helmet currently unavailable)
rElec   .            (cloak currently unavailable)
rCorr   .            e - melded +1 pair of gloves
SInv    .            (boots currently unavailable)
Will    .....        (no amulet)
Stlth   +            (no ring)
HPRegen 0.23/turn    (no ring)
MPRegen 0.09/turn

%: guardian spirit
@: beast-form, glowing
A: beast (slay +0), fangs 2, magic shield, antimagic bite, no potion heal 2
a: Begin Untransformation


You were on level 2 of the Dungeon.
You were a hulking beast.
You visited 1 branch of the dungeon, and saw 2 of its levels.

You collected 62 gold pieces.

Inventory:

Armour
 a - a +1 ring mail of cold resistance (worn)
 c - an orb of light (worn)
 e - a +1 pair of gloves (melded)
Jewellery
 j - a ring of see invisible
 k - a ring of willpower
Talismans
 l - a beast talisman (active)
Scrolls
 d - 2 scrolls of vulnerability {unknown}
 f - a scroll of poison {unknown}
 g - a scroll of identify {unknown}
 h - a scroll of revelation {unknown}
 i - a scroll of fear {unknown}
Potions
 b - a potion of ambrosia


   Skills:
 + Level 3.0 Fighting
 - Level 2.4 Dodging
 + Level 3.7 Unarmed Combat
 + Level 1.2 Spellcasting
 * Level 0.2 Shapeshifting


You had 4 spell levels left.
You didn't know any spells.
Your spell library was empty.

Dungeon Overview and Level Annotations

Branches:
Dungeon (2/15)

Altars:

Shops:
D:2 [=

Annotations:
D:2 Terence


Innate Abilities, Weirdness & Mutations

You are a hulking beast.
Your limbs bulge with bestial killing power. (Slay +0)
You have extremely sharp teeth.
When hurt, damage is shared between your health and your magic reserves.
Your bite disrupts and absorbs the magic of your enemies.
Potions cannot restore your health.


Message History

You now have 58 gold pieces (gained 13).
You now have 62 gold pieces (gained 4).
Terence the Incautious comes into view.
He is wielding a +0 flail and wearing a +0 ring mail of cold resistance.
Terence shouts!
You hit Terence.
Terence is lightly wounded.
Terence hits you with a +0 flail!
You barely miss Terence. You bite Terence, but do no damage.
Terence is lightly wounded.
Terence barely misses you.
You hit Terence.
Terence is moderately wounded.
Terence closely misses you.
You hit Terence but do no damage.
Terence is moderately wounded.
Terence hits you with a +0 flail.
You hit Terence.
Terence is heavily wounded.
Terence barely misses you.
You hit Terence.
Terence is heavily wounded.
Terence barely misses you.
You hit Terence.
Terence is severely wounded.
Terence barely misses you.
You barely miss Terence. You bite Terence, but do no damage.
Terence is severely wounded.
Terence hits you with a +0 flail.
You hit Terence but do no damage. Your bite misses Terence.
Terence is severely wounded.
Terence hits you with a +0 flail.
* * * LOW HITPOINT WARNING * * *
You hit Terence. You bite Terence, but do no damage.
Terence is severely wounded.
Terence closely misses you.
Okay, then.
You hit Terence.
Terence is almost dead.
Terence hits you with a +0 flail!
You die...

#######.#######.....
[.........# #.....
#######.#.# #.)... #
........#.# ##...# #.
######.∩#.# #..## ..
#..#.# #.###
#.#####..#.######.#..
#..@.##...........#.#
#h###.............
#.# ###.########.#
#.####.#####.# #.#
#............#### #.#
######..........# #.#
##########.#####.#
#.......# #########


You could see Terence.

Vanquished Creatures
  2 adders (D:2)
  A dart slug (D:2)
  A ball python (D:1)
  An endoplasm (D:1)
  A giant cockroach (D:1)
  A goblin (D:2)
  A hobgoblin (D:1)
  3 quokkas (D:1)
  4 bats (D:1)
  A frilled lizard (D:1)
  A rat (D:1)
17 creatures vanquished.

Notes
Turn   | Place    | Note
-------+----------+-------------------------------------------
     0 | D:1      | Ethylacetat the Vine Stalker Monk began the quest for the
                  | Orb.
     0 | D:1      | Reached XP level 1. HP: 11/11 MP: 2/2
    96 | D:1      | Reached XP level 2. HP: 11/16 MP: 3/3
   666 | D:2      | Found Feri's Jewellery Shop.
   717 | D:2      | Reached skill level 1 in Spellcasting
   717 | D:2      | Reached XP level 3. HP: 20/20 MP: 5/5
   840 | D:2      | Found Ziamas's Antique Armour Shop.
   878 | D:2      | Noticed Terence
   889 | D:2      | Slain by Terence

Illustrated notes

Levels and vault maps discovered:
D:1:      onia_arrival_pentagram, layout_basic, serial_rivers,
          chequers_serial_rivers_micro_e, chequers_serial_rivers_micro_e,
          chequers_serial_rivers_large_b, chequers_serial_rivers_micro_b
D:2:      wander_river, layout_loops_ring, serial_shops,
          nicolae_shop_tiny_real_fake_doors, shop,
          nicolae_shop_industrial_runoff, nicolae_shop_window_shopping, shop,
          chequers_decorated_corner, kennysheep_path_1, uniq_terence

Skill      XL: |  1  2 |
---------------+-------+-----
Fighting       | 3 |  3.0
Spellcasting   | 1 |  1.2
Dodging        | |  2.4
Unarmed Combat | |  3.7
Shapeshifting  | |  0.2

Action                     || total
---------------------------++-------
  Melee: Unarmed           ||    48
         Bite              ||    16
 Armour: Robe              ||     7
         Ring mail         ||     7
  Dodge: Dodged            ||    29
   Form: Beast             ||     1

Table legend: (Time is in decaauts)
 A = Elapsed time spent in this place.
 B = Non-inter-level travel time spent in this place.
 C = Inter-level travel time spent in this place.
 D = Time resting spent in this place.
 E = Time spent auto-exploring this place.
 F = Levels seen in this place.
 G = Mean time per level.
                   A        B        C        D        E       F      G
               +--------+--------+--------+--------+--------+-----+--------+
         Total |    923 |    905 |     18 |      0 |    737 |   2 |  461.5 |
       Dungeon |    923 |    905 |     18 |      0 |    737 |   2 |  461.5 |
               +--------+--------+--------+--------+--------+-----+--------+

Top non-repeatable levels by time:
     D:1: 665 daAuts
     D:2: 258 daAuts
